Map: Cinder Fortress

Players

A.I. 1 (Hard)

  • Race: Zerg Zerg
  • Spawn Location: 9:00

larsgj - Winner!

  • Race: Terran Terran
  • Spawn Location: 3:00

VOD

Have the link to the VOD?

Description

Time

  • Played on: Jan. 26, 2019, 6:02 a.m.
  • Length: 27:50
Show
View Real Time Build Order
Export as new Build Order

A.I. 1 (Hard) Zerg 

Build Orders: 1 Base Baneling Bust, Pool First, Zergling Baneling 

Get SALT Encoding   

  12  0:00  Drone  
  13  0:12  Overlord  
  13  0:17  Drone  
  14  0:30  Drone  
  14  0:32  Drone  
  16  0:43  Spawning Pool  
  16  0:44  Drone  
  16  0:48  Drone  
  17  0:52  Extractor  
  17  0:55  Drone  
  17  1:06  Overlord  
  17  1:31  Queen, Zergling x2  
  20  1:34  Zergling x2, Roach Warren  
  20  1:38  Drone  
  21  1:40  Extractor  
  20  1:49  Drone  
  20  1:51  Baneling Nest  
  20  1:59  Drone  
  21  2:10  Drone  
  22  2:21  Zergling x2  
  23  2:32  Drone  
  23  2:35  Baneling x2  
  24  2:38  Overlord, Zergling x2  
  24  2:42  Zergling x2  
  26  2:46  Zergling x2, Baneling  
  26  2:49  Baneling  
  27  2:54  Drone  
  28  3:05  Zergling x2  
  29  3:09  Zergling x2  
  29  3:10  Overlord  
  30  3:13  Zergling x2  
  30  3:16  Zergling x2  
  32  3:27  Zergling x2  
  32  3:31  Baneling x2  
  33  3:38  Zergling x2  
  34  3:42  Baneling x3, Zergling x2  
  34  3:45  Zergling x2  
  36  3:49  Zergling x2  
  36  3:51  Evolution Chamber  
  36  3:53  Zergling x2  
  37  4:01  Drone  
  38  4:12  Drone  
  38  4:13  Overlord, Drone  
  38  4:14  Drone  
  41  4:23  Drone  
  42  4:34  Drone  
  43  4:45  Drone  
  44  5:51  Roach, Overlord, Metabolic Boost  
  44  5:52  Burrow, Zerg Melee Weapons Level 1  
  44  5:54  Evolution Chamber  
  45  6:01  Roach, Hatchery  
  46  6:08  Drone  
  46  6:10  Roach  
  49  6:19  Roach, Zerg Ground Armor Level 1  
  51  6:29  Roach  
  51  6:30  Overlord  
  53  6:38  Roach  
  39  6:47  Roach  
  41  6:56  Roach  
  43  7:05  Lair  
  43  7:06  Zergling x2  
  44  7:15  Roach  
  46  7:17  Drone  
  46  7:19  Drone  
  46  7:21  Drone  
  49  7:22  Extractor  
  49  7:24  Roach, Spore Crawler  
  49  7:26  Drone  
  49  7:29  Drone  
  51  7:33  Drone  
  51  7:35  Drone  
  53  7:38  Drone  
  54  7:45  Drone  
  54  7:46  Zerg Missile Weapons Level 1, Spore Crawler  
  54  7:47  Drone  
  55  7:55  Drone  
  55  7:56  Spore Crawler  
  55  7:57  Drone  
  56  8:00  Drone  
  56  8:02  Drone, Overseer  
  56  8:03  Overseer  
  56  8:05  Drone, Hydralisk Den  
  58  8:07  Drone  
  58  8:09  Drone  
  60  8:17  Overlord  
  60  8:19  Drone  
  61  8:25  Spine Crawler  
  60  8:27  Drone  
  60  8:29  Drone, Spine Crawler  
  60  8:31  Drone  
  60  8:33  Drone  
  63  8:34  Drone  
  63  8:38  Drone  
  65  8:41  Drone  
  65  8:47  Spore Crawler  
  65  8:49  Drone  
  65  8:52  Drone  
  65  8:54  Queen  
  69  8:58  Hydralisk, Overlord  
  69  8:59  Drone  
  72  9:04  Queen  
  72  9:08  Hydralisk  
  76  9:10  Infestation Pit  
  76  9:13  Spine Crawler  
  74  9:17  Hydralisk, Spine Crawler  
  74  9:18  Drone  
  76  9:26  Spire, Hydralisk  
  76  9:27  Drone  
  78  10:20  Overlord, Infestor  
  78  10:21  Pneumatized Carapace, Hive, Overseer  
  80  10:27  Extractor  
  79  10:38  Hatchery  
  79  10:39  Corruptor  
  79  10:41  Overlord  
  80  10:50  Corruptor  
  80  10:51  Drone  
  83  11:02  Corruptor  
  76  11:14  Zergling x2  
  67  11:20  Zerg Melee Weapons Level 2  
  67  11:25  Infestor  
  67  11:33  Greater Spire  
  67  11:41  Zerg Ground Armor Level 2  
  67  11:50  Drone, Queen  
  67  11:51  Drone  
  67  11:53  Drone  
  72  11:54  Drone  
  72  11:56  Drone  
  72  11:57  Drone  
  72  11:59  Drone  
  72  12:00  Drone  
  77  12:01  Drone  
  77  12:03  Drone  
  77  12:04  Drone  
  77  12:06  Extractor, Drone, Spore Crawler  
  77  12:07  Drone, Spore Crawler  
  79  12:09  Extractor, Drone  
  79  12:10  Drone, Pathogen Glands  
  79  12:12  Drone  
  79  12:13  Drone  
  79  12:15  Drone  
  83  12:16  Drone  
  83  12:17  Drone  
  83  12:19  Drone  
  83  12:20  Drone  
  87  12:31  Spine Crawler  
  87  12:32  Drone  
  87  12:37  Drone, Spine Crawler  
  87  12:43  Corruptor  
  89  12:44  Zerg Flyer Weapons Level 1, Brood Lord  
  91  12:51  Overlord, Overseer  
  91  12:55  Corruptor, Brood Lord  
  95  13:07  Drone, Ultralisk Cavern, Brood Lord  
  95  13:09  Corruptor  
  95  13:10  Overlord  
  99  13:21  Corruptor, Brood Lord  
  103  13:30  Spire  
  103  13:31  Drone  
  103  13:36  Zerg Missile Weapons Level 2  
  103  14:33  Roach, Overlord, Viper  
  103  14:37  Roach  
  110  14:38  Zerg Flyer Armor Level 1  
  110  14:41  Hydralisk  
  112  14:45  Swarm Host  
  112  14:48  Glial Reconstitution  
  112  14:50  Roach  
  112  14:52  Overlord  
  117  14:55  Roach  
  117  14:59  Roach  
  121  15:01  Zerg Melee Weapons Level 3  
  121  15:03  Roach  
  123  15:08  Roach  
  123  15:11  Hydralisk  
  123  15:12  Overlord  
  127  15:16  Hydralisk  
  127  15:20  Infestor  
  131  15:21  Viper  
  131  15:22  Hatchery  
  131  15:24  Infestor  
  135  15:29  Swarm Host  
  135  15:31  Overlord, Neural Parasite  
  135  15:34  Zergling x2  
  134  15:38  Roach  
  130  15:42  Roach  
  130  15:44  Overseer  
  130  15:46  Hydralisk  
  130  15:47  Overlord  
  130  15:49  Overseer  
  126  15:52  Zerg Ground Armor Level 3  
  126  16:06  Roach, Overlord  
  126  16:10  Infestor  
  130  16:23  Infestor  
  130  16:24  Overlord  
  132  16:35  Drone, Queen  
  135  16:40  Extractor, Drone  
  135  16:41  Spore Crawler  
  135  16:42  Overlord, Drone  
  135  16:44  Drone, Spore Crawler  
  135  16:47  Tunneling Claws  
  135  16:49  Extractor, Drone  
  135  17:09  Drone, Spine Crawler  
  135  17:10  Spine Crawler, Zerg Flyer Weapons Level 2  
  135  17:12  Drone  
  135  17:38  Zerg Missile Weapons Level 3  
  135  17:41  Zerg Flyer Armor Level 2  
  135  18:11  Infestor  
  137  18:17  Overlord, Corruptor  
  139  18:53  Brood Lord  
  141  19:05  Hydralisk  
  134  19:11  Zergling x2  
  134  19:12  Overseer, Viper  
  134  19:15  Overseer  
  114  19:17  Overlord, Infestor  
  114  19:23  Hydralisk  
  95  19:26  Zerg Flyer Weapons Level 3  
  95  19:28  Hydralisk  
  97  19:34  Hydralisk  
  99  19:41  Roach  
  101  19:47  Roach  
  105  19:52  Roach  
  105  19:58  Infestor  
  107  20:03  Infestor  
  109  20:09  Infestor  
  111  20:15  Corruptor  
  113  20:22  Overlord  
  113  20:38  Hatchery  
  112  20:49  Corruptor, Brood Lord  
  116  21:24  Corruptor, Brood Lord  
  120  21:51  Drone, Queen  
  123  22:00  Queen, Drone  
  123  22:03  Extractor, Infestor  
  123  22:04  Drone  
  123  22:05  Spore Crawler  
  123  22:06  Drone, Spore Crawler  
  123  22:07  Extractor, Drone  
  117  22:09  Drone  
  117  22:10  Zergling x2  
  117  22:15  Hydralisk, Drone  
  96  22:17  Viper  
  96  22:19  Zergling x2  
  96  22:20  Drone  
  96  22:21  Overlord, Drone  
  96  22:22  Drone, Mutalisk  
  85  22:26  Zergling x2  
  82  22:31  Hydralisk, Spine Crawler, Overseer x2  
  82  22:34  Overseer  
  82  22:36  Corruptor  
  84  22:40  Overlord  
  84  22:42  Roach  
  83  22:47  Roach  
  83  22:51  Overlord, Spawning Pool  
  81  22:52  Overlord  
  81  22:55  Overlord  
  81  22:58  Evolution Chamber  
  78  22:59  Overlord  
  78  23:02  Overlord  
  76  23:21  Overlord  
  76  23:24  Overlord, Evolution Chamber  
  76  23:26  Overlord  
  75  23:29  Overlord x2  
  75  23:36  Evolution Chamber  
  75  23:40  Lair  
  66  23:42  Roach Warren  
  66  23:44  Spine Crawler  
  66  23:46  Zergling x2  
  66  23:48  Overlord, Spore Crawler  
  59  23:50  Zergling x2  
  58  23:56  Spawning Pool  
  54  24:14  Evolution Chamber  
  53  24:18  Overlord  
  53  24:20  Overlord  
  52  24:31  Evolution Chamber  
  52  24:35  Spawning Pool  
  52  24:38  Overseer  
  49  24:40  Overlord  
  49  24:43  Overseer  
  49  24:49  Overlord  
  49  24:54  Spire  
  49  24:57  Overlord  
  49  24:59  Infestation Pit  
  45  25:01  Hydralisk Den  
  45  25:03  Spire  
  41  25:08  Overlord  
  33  25:21  Evolution Chamber  
  33  25:25  Spore Crawler  
  33  25:26  Lair  
  28  25:28  Spore Crawler  
  28  25:29  Overlord  
  28  25:33  Overlord  
  28  25:34  Extractor  
  25  25:43  Evolution Chamber  
  23  25:50  Overlord  
  23  25:53  Drone  
  23  25:55  Overlord  
  23  25:57  Overlord  
  23  26:00  Evolution Chamber  
  23  26:03  Spawning Pool  
  17  26:07  Evolution Chamber  
  17  26:09  Drone, Evolution Chamber  
  13  26:16  Overlord  
  13  26:27  Overlord  
  12  26:34  Drone  
  12  26:37  Drone  
  8  26:41  Drone  
  8  26:42  Hatchery  
  8  26:46  Drone  
  3  26:49  Overseer  
Show
View Real Time Build Order
Export as new Build Order

larsgj Terran - Winner!

Build Orders:  

Get SALT Encoding   

  12  0:01  SCV  
  13  0:15  Supply Depot  
  13  0:18  SCV  
  14  0:30  SCV  
  15  0:40  Barracks  
  15  0:42  SCV  
  16  0:54  SCV  
  17  1:04  Supply Depot  
  17  1:06  SCV  
  18  1:16  Barracks  
  18  1:18  SCV  
  19  1:28  Marine  
  19  1:31  SCV  
  21  1:39  Supply Depot  
  21  1:43  SCV  
  21  1:45  Marine  
  23  1:55  SCV  
  24  2:03  Marine  
  24  2:07  SCV, Supply Depot  
  26  2:13  Marine  
  26  2:15  Barracks  
  27  2:19  SCV  
  27  2:21  Marine  
  29  2:31  Marine, Supply Depot, SCV  
  31  2:39  Marine  
  31  2:43  SCV  
  33  2:49  Marine  
  34  2:55  SCV  
  34  2:57  Marine  
  36  3:06  Marine  
  36  3:07  SCV  
  36  3:08  Marine  
  39  3:14  Marine  
  39  3:15  Refinery  
  39  3:18  Refinery  
  39  3:19  SCV  
  41  3:24  Marine  
  41  3:26  Marine  
  43  3:32  SCV, Marine  
  45  3:34  Supply Depot  
  45  3:42  Marine  
  45  3:44  SCV  
  47  3:52  Barracks Tech Lab  
  47  3:56  SCV, Marine  
  47  4:00  Marine  
  50  4:09  Command Center  
  50  4:14  Marine  
  50  4:15  Combat Shield  
  51  4:18  Marine x2  
  53  4:25  Supply Depot  
  53  4:32  Marine, SCV  
  53  4:35  Marine  
  53  4:36  Marine  
  57  4:42  Engineering Bay  
  57  4:49  Marine  
  58  4:53  Marine  
  58  4:54  Marine  
  60  5:01  Supply Depot  
  60  5:07  Marine  
  60  5:11  Marine x2  
  63  5:17  Terran Infantry Weapons Level 1  
  63  5:24  Supply Depot  
  63  5:25  Marine  
  64  5:29  Marine x2  
  64  5:30  Factory  
  64  5:32  SCV  
  67  5:44  SCV  
  67  5:45  Supply Depot  
  68  5:56  SCV  
  69  5:57  Bunker  
  69  6:04  Marauder  
  69  6:07  Supply Depot  
  71  6:26  Marauder  
  71  6:30  Orbital Command, Bunker  
  73  6:33  Orbital Command  
  73  6:39  Missile Turret  
  45  6:47  Marauder  
  47  6:59  Missile Turret  
  47  7:01  Bunker  
  49  7:08  Marauder  
  49  7:14  Starport  
  49  7:18  Neosteel Armor  
  49  7:19  Missile Turret  
  49  7:31  SCV  
  50  7:39  Refinery  
  50  7:40  Refinery  
  50  7:43  SCV  
  51  7:54  Bunker  
  51  7:55  SCV  
  54  7:58  Marauder  
  54  8:07  SCV  
  55  8:19  SCV  
  58  8:20  Marauder  
  58  8:25  Bunker  
  60  8:41  Marauder  
  60  8:44  Marine  
  60  8:45  Marine  
  62  8:57  Bunker  
  62  9:02  Marine x2  
  64  9:03  Marauder  
  66  9:20  Marine x2  
  66  9:21  Starport Tech Lab  
  66  9:23  Starport  
  70  9:24  Marauder  
  70  9:31  Terran Infantry Armor Level 1  
  70  9:37  Missile Turret  
  70  9:38  Marine x2  
  71  9:45  Marine  
  73  9:56  Marine x2  
  73  9:59  Missile Turret  
  75  10:03  Marine  
  76  10:13  Marine  
  76  10:14  Marine  
  77  10:20  Marine, Missile Turret  
  79  10:31  Marine  
  79  10:32  Marine  
  81  10:39  Marauder  
  81  10:41  Missile Turret  
  83  10:49  Marine x2  
  84  10:57  Starport Tech Lab  
  85  10:59  Medivac  
  85  11:00  Marauder  
  85  11:01  Missile Turret  
  89  11:07  Marine  
  84  11:22  Marauder, Missile Turret  
  84  11:25  Hi-Sec Auto Tracking  
  86  11:29  Medivac  
  88  11:39  Armory  
  88  11:42  Missile Turret  
  88  11:46  Fusion Core  
  88  11:50  Starport  
  88  11:59  Medivac  
  90  12:02  SCV  
  90  12:03  Missile Turret  
  91  12:14  SCV  
  92  12:22  Rapid Reignition System  
  92  12:23  Missile Turret  
  92  12:26  SCV  
  92  12:28  Medivac  
  92  12:29  Terran Vehicle And Ship Armor Level 1  
  95  12:38  SCV  
  96  12:46  Command Center  
  96  12:50  SCV  
  97  12:54  Refinery  
  97  13:01  Refinery  
  97  13:03  Missile Turret  
  97  13:07  Starport Tech Lab  
  97  13:11  Weapon Refit  
  97  13:16  Battlecruiser x2  
  109  13:25  Missile Turret  
  109  13:45  Missile Turret  
  109  13:50  Command Center  
  109  14:16  Orbital Command  
  109  14:23  Terran Ship Weapons Level 1  
  109  14:34  Battlecruiser  
  115  15:03  Orbital Command  
  115  15:14  Command Center  
  115  15:16  Battlecruiser  
  104  16:16  Terran Vehicle And Ship Armor Level 2  
  104  16:17  Orbital Command  
  104  16:19  Battlecruiser x2  
  104  16:20  Battlecruiser  
  122  16:34  Bunker  
  122  16:39  Marauder  
  124  16:57  Orbital Command  
  124  17:01  Marauder  
  126  17:04  Bunker  
  126  17:06  Command Center  
  126  17:22  Marauder  
  128  17:48  Missile Turret  
  128  18:11  Missile Turret  
  128  18:18  Orbital Command  
  128  18:29  Battlecruiser x3  
  128  18:32  Missile Turret  
  146  18:44  Terran Ship Weapons Level 2  
  146  18:48  Terran Infantry Weapons Level 2  
  141  19:33  Battlecruiser  
  141  19:34  Battlecruiser x2  
  159  19:39  Marauder  
  161  20:01  Marauder  
  163  20:22  Marauder  
  165  20:29  Bunker  
  165  20:38  Battlecruiser x3  
  183  20:43  Marauder  
  185  20:52  Refinery  
  185  20:54  Refinery  
  185  21:00  Terran Vehicle And Ship Armor Level 3  
  185  21:04  Terran Infantry Armor Level 2  
  185  21:42  Battlecruiser x2  
  197  24:02  Terran Ship Weapons Level 3  
  197  24:04  Terran Infantry Weapons Level 3  
  197  24:11  Corvid Reactor  
  197  24:15  Factory Tech Lab  
  197  24:29  Stimpack  
  197  25:29  Cloaking Field  
  197  26:09  Concussive Shells  
Tags
 
Add a new tag
Caveats
  • Supply blocks, unpowered buildings, or Contaminate may cause inaccurate times.
  • Supply counts are checked every 10 seconds.